 Dungeon Crawl Stone Soup version 0.21.1-1-g345015f (webtiles) character file.

212 inc the Cudgeler (level 5, -1/41 HPs)
             Began as a Demonspawn Monk on June 9, 2018.
             Was an Initiate of Gozag.
             Slain by Menkaure (14 damage)
             ... on level 4 of the Dungeon.
             The game lasted 00:04:09 (3173 turns).

inc the Cudgeler (Demonspawn Monk)                  Turns: 3173, Time: 00:04:09

Health: -1/41      AC: 13    Str: 11    XL:     5   Next: 58%
Magic:  5/5        EV:  5    Int: 13    God:    Gozag
Gold:   391        SH:  0    Dex: 15    Spells: 4/4 levels left

rFire    . . .     SeeInvis .   a - +0 mace
rCold    . . .     Gourm    .   (no shield)
rNeg     . . .     Faith    .   l - +0 chain mail
rPois    .         Spirit   .   h - +2 hat
rElec    .         Reflect  .   (no cloak)
rCorr    .         Harm     .   j - +0 pair of gloves
MR       .....                  (no boots)
Stlth    ..........             (no amulet)
HPRegen  0.13/turn              (no ring)
MPRegen  0.09/turn              (no ring)

@: no status effects
A: hooves 1, icy blue scales 1, demonic guardian 1
a: Potion Petition, Call Merchant, Bribe Branch, Renounce Religion


You were on level 4 of the Dungeon.
You worshipped Gozag.
Gozag was aware of your devotion.
You were not hungry.

You visited 1 branch of the dungeon, and saw 4 of its levels.
You also visited: Sewer.

You collected 391 gold pieces.

Inventory:

Hand Weapons
 a - a +0 mace (weapon)
Armour
 c - a +0 robe
 h - a +2 hat (worn)
 j - a +0 pair of gloves (worn)
 l - a +0 chain mail (worn)
Jewellery
 f - an uncursed ring of stealth {unknown}
Scrolls
 e - a scroll of remove curse {unknown}
 k - 2 scrolls of enchant armour {unknown}
 p - a scroll of immolation {unknown}
 q - 2 scrolls of identify {unknown}
 r - 3 scrolls of teleportation {unknown}
 s - a scroll of magic mapping {unknown}
Potions
 d - 6 potions of curing
 g - a potion of ambrosia {unknown}
 i - a potion of magic {unknown}
 m - 3 potions of heal wounds
 n - 3 potions of haste {unknown}
 o - 2 potions of might {unknown}
 t - a potion of brilliance {unknown}
Comestibles
 b - 3 rations


   Skills:
 - Level 3.0 Fighting
 + Level 5.5 Maces & Flails
 - Level 3.2 Dodging
 - Level 1.7 Stealth


You had 4 spell levels left.
You didn't know any spells.

Dungeon Overview and Level Annotations

Branches:
Dungeon (4/15)
 Temple: D:4-7

Altars:
Ashenzari
Elyvilon
Gozag
Trog

Annotations:
D:4 Menkaure


Innate Abilities, Weirdness & Mutations

You have large cloven feet.
You are partially covered in icy blue scales. (AC +2)
A weak demonic guardian rushes to your aid.


Message History

Your white imp hits Menkaure but does no damage.
Menkaure hits you but does no damage.
Your chain mail prevents you from hitting Menkaure.
Menkaure is moderately damaged.
Menkaure hits you!!
Your white imp gestures at Menkaure.
The puff of frost hits Menkaure.
Menkaure resists.
You hit Menkaure.
Menkaure is heavily damaged.
Menkaure barely misses you.
Your white imp hits Menkaure.
Your white imp freezes Menkaure.
Menkaure resists.
Menkaure barely misses your white imp.
A giant cockroach comes into view.
Unknown command.
You closely miss Menkaure.
Menkaure is severely damaged.
Your white imp hits Menkaure but does no damage.
Menkaure hits you!
You die...
Your body crumbles into a pile of gold.

............# #.....
............# #.....
............# #.....
...........# #..... $
..........# #.....
#.....#.#########.....
###.....#.#.............
#......5._..............
#.....5@#(#.............
#......M#...............
#.......#.......>.......
##......##+#############
##........ .§......... .
##......##. .[ §.≈≈.s.#
..# #≈...##...#


You could see Menkaure, a giant cockroach, a friendly white imp and a friendly
ufetubus.

Vanquished Creatures
  A howler monkey skeleton (D:4)
  7 adders
  3 river rats (D:3)
  A shadow imp (D:3)
  4 worms
  3 dart slugs (D:1)
  3 leopard geckos
  5 orcs (D:3)
  2 ball pythons
  8 bats
  6 giant cockroaches
  7 goblins
  4 hobgoblins
  5 jackals
  A quokka (D:3)
  15 frilled lizards
  4 kobolds
  5 rats
84 creatures vanquished.

Notes
Turn   | Place    | Note
-------+----------+-------------------------------------------
     0 | D:1      | inc the Demonspawn Monk began the quest for the Orb.
     0 | D:1      | Reached XP level 1. HP: 18/18 MP: 1/1
   343 | D:1      | Gained mutation: You have large cloven feet. [demonic ancestry]
   343 | D:1      | Reached XP level 2. HP: 24/24 MP: 2/2
   524 | D:1      | Reached skill level 3 in Maces & Flails
   791 | D:1      | Reached XP level 3. HP: 28/29 MP: 3/3
  1123 | D:2      | Found a bloodstained altar of Trog.
  1218 | D:2      | Found a shattered altar of Ashenzari.
  1342 | D:2      | Reached skill level 4 in Maces & Flails
  1349 | D:2      | Gained mutation: You are partially covered in icy blue scales. (AC +2) [demonic ancestry]
  1349 | D:2      | Reached XP level 4. HP: 28/35 MP: 4/4
  1494 | D:2      | Found a faded altar of an unknown god.
  1594 | D:2      | Became a worshipper of Gozag Ym Sagoz the Greedy
  2000 | D:3      | Found a glowing drain.
  2030 | D:3      | Gained mutation: A weak demonic guardian rushes to your aid. [demonic ancestry]
  2030 | D:3      | Reached XP level 5. HP: 19/41 MP: 5/5
  2159 | Sewer    | Entered a sewer
  2181 | Sewer    | Reached skill level 5 in Maces & Flails
  2774 | D:3      | Found an opulent altar of Gozag.
  3144 | D:4      | Found a white marble altar of Elyvilon.
  3162 | D:4      | Noticed Menkaure
  3173 | D:4      | Slain by Menkaure

Skill      XL: |  1  2  3  4  5 |
---------------+----------------+-----
Dodging        | 3 |  3.2
Maces & Flails | 3 4 5 |  5.5
Fighting       | |  3.0
Stealth        | |  1.7

Action                   |  1- 3 |  4- 6 || total
-------------------------+-------+-------++-------
Melee: Mace              |   121 |   179 ||   300
       Kick              |    24 |    44 ||    68
  Use: Potion            |       |     2 ||     2
 Stab: Sleeping          |     5 |     2 ||     7
       Distracted        |       |     1 ||     1
  Eat: Chunk             |     2 |       ||     2
       Ration            |       |     2 ||     2
Armor: Robe              |    27 |     9 ||    36
       Chain mail        |       |   136 ||   136
Dodge: Dodged            |   103 |    74 ||   177
